[Event "Titled Tuesday Blitz April 4 Late 2023"]
[White "Aggelis, Nikolaos"]
[Black "Porat, Tori"]
[WhiteFideId "4213220"]
[BlackFideId "30982626"]
[WhiteElo "2189"]
[BlackElo "1752"]
[Result "1-0"]
[Round "05"]
[TimeControl "180+2"]
[Date "2023.04.04"]
[WhiteClock "0:00:23"]
[BlackClock "0:01:02"]

1. c4 e5 2. Nc3 f5 3. g3 Nf6 4. Bg2 Be7 5. e3 O-O 6. Nge2 c6 7. d3 d5 8. cxd5 cxd5 9. e4 fxe4 10. dxe4 d4 11. Nd5 Nxd5 12. exd5 Bb4+ 13. Bd2 Bc5 14. O-O Bg4 15. Qe1 Bf3 16. Bxf3 Rxf3 17. Nf4 exf4 18. Qe4 Re3 19. fxe3 dxe3 20. Bxe3 fxe3 21. Qe6+ Kh8 22. Rf7 Na6 23. Kg2 Nc7 24. Qd7 Nxd5 25. Rxg7 Bd4 26. Rxh7+ Kg8 27. Qf7# 1-0


[Site "https://www.chess.com"]

[Event "Titled Tuesday Blitz April 4 Late 2023"]
[White "Burke, Paul"]
[Black "Koutlas, Nikolaos"]
[WhiteFideId "2605767"]
[BlackFideId "25827138"]
[WhiteElo "1868"]
[BlackElo "2215"]
[Result "0-1"]
[Round "05"]
[TimeControl "180+2"]
[Date "2023.04.04"]
[WhiteClock "0:00:31"]
[BlackClock "0:00:18"]

1. e4 e6 2. d4 d5 3. e5 c5 4. Qg4 Nc6 5. Nf3 cxd4 6. Bd3 Nge7 7. O-O Ng6 8. Qg3 Be7 9. a3 Qc7 10. Re1 Bd7 11. h4 O-O-O 12. h5 Ngxe5 13. Nxe5 Bd6 14. f4 g5 15. Nxd7 gxf4 16. Qf3 Rxd7 17. Bb5 Rg8 18. Bxc6 bxc6 19. Qd3 e5 20. Qxh7 Qd8 21. Qf5 Rg5 22. Qh3 f5 23. Bd2 Rh7 24. Bb4 Rgxh5 25. Qd3 Bxb4 26. axb4 Rh1+ 27. Kf2 Qh4+ 28. g3 Qh2+ 0-1


[Site "https://www.chess.com"]

[Event "Titled Tuesday Blitz April 4 Late 2023"]
[White "Melikhov, Evgeny V."]
[Black "Diaz Perez, Michel Alejandro"]
[WhiteFideId "4122046"]
[BlackFideId "3517179"]
[WhiteElo "2158"]
[BlackElo "2334"]
[Result "0-1"]
[Round "05"]
[TimeControl "180+2"]
[Date "2023.04.04"]
[WhiteClock "0:00:14"]
[BlackClock "0:00:52"]

1. d4 Nf6 2. c4 e6 3. Nc3 Bb4 4. Qc2 O-O 5. e4 Bxc3+ 6. bxc3 d6 7. e5 dxe5 8. dxe5 Nfd7 9. Nf3 Nc6 10. Bf4 Nc5 11. Rd1 Qe7 12. Be2 b6 13. O-O Ba6 14. Ng5 g6 15. Ne4 Nxe4 16. Qxe4 Na5 17. Bh6 Rfd8 18. Qf4 Rxd1 19. Rxd1 Rd8 20. Rxd8+ Qxd8 21. Bg5 Qf8 22. Bf6 h5 23. h4 Nb7 24. g4 hxg4 25. h5 Nc5 26. Bxg4 Bb7 27. f3 Nd3 28. Qg5 Qc5+ 29. Kg2 Qf2+ 30. Kh3 Bxf3 31. Bxe6 Bg2+ 32. Qxg2 Nf4+ 33. Kg4 Nxg2 34. hxg6 fxe6 0-1


[Site "https://www.chess.com"]

[Event "Titled Tuesday Blitz April 4 Late 2023"]
[White "Veiga, Jose Francisco R P Neves"]
[Black "Kovalevsky, Stanislav"]
[WhiteFideId "1930087"]
[BlackFideId "13508598"]
[WhiteElo "2320"]
[BlackElo "2174"]
[Result "1-0"]
[Round "05"]
[TimeControl "180+2"]
[Date "2023.04.04"]
[WhiteClock "0:00:20"]
[BlackClock "0:00:15"]

1. e4 e6 2. b3 d5 3. Bb2 dxe4 4. Nc3 Nf6 5. Qe2 Bd7 6. Nxe4 Bc6 7. Nxf6+ gxf6 8. O-O-O Na6 9. f4 Be7 10. Nf3 Qd5 11. Qc4 Nc5 12. Qxd5 Bxd5 13. Be2 Rg8 14. g3 O-O-O 15. Rhf1 a5 16. d3 a4 17. b4 Na6 18. a3 c5 19. b5 Nc7 20. c4 Bxf3 21. Bxf3 Rd6 22. Kc2 Rgd8 23. f5 e5 24. Be4 Bf8 25. Bc3 Bh6 26. Rg1 Ne8 27. Ba5 b6 28. Bc3 Ng7 29. Rgf1 Kd7 30. Bd5 Ke7 31. Bd2 Bg5 32. Bxg5 fxg5 33. f6+ Rxf6 34. Rxf6 Kxf6 35. Rf1+ Kg6 36. Bxf7+ Kh6 37. Rf6# 1-0


[Site "https://www.chess.com"]

[Event "Titled Tuesday Blitz April 4 Late 2023"]
[White "Annaberdiyev, Meylis"]
[Black "Figorito, Nick"]
[WhiteFideId "14000563"]
[BlackFideId "30923689"]
[WhiteElo "2416"]
[BlackElo "2384"]
[Result "1-0"]
[Round "05"]
[TimeControl "180+2"]
[Date "2023.04.04"]
[WhiteClock "0:01:00"]
[BlackClock "0:01:20"]

1. e4 e6 2. d4 d5 3. e5 c5 4. Nf3 Bd7 5. Bd3 Qb6 6. O-O Bb5 7. Bxb5+ Qxb5 8. Na3 Qd7 9. c4 cxd4 10. cxd5 Qxd5 11. Nxd4 Bxa3 12. bxa3 Ne7 13. Bg5 Nbc6 14. Bxe7 Qxd4 15. Bd6 Qxd1 16. Rfxd1 O-O-O 17. f4 h5 18. Kf2 g6 19. Rac1 Rd7 20. Rc4 Kd8 21. Rb1 Kc8 22. Rxc6+ Kd8 23. Rc2 h4 24. Rbc1 1-0


[Site "https://www.chess.com"]

[Event "Titled Tuesday Blitz April 4 Late 2023"]
[White "Perez Rodriguez, Jennifer"]
[Black "Kilpatrick, Callum"]
[WhiteFideId "3507831"]
[BlackFideId "414425"]
[WhiteElo "2116"]
[BlackElo "2351"]
[Result "0-1"]
[Round "05"]
[TimeControl "180+2"]
[Date "2023.04.04"]
[WhiteClock "0:00:07"]
[BlackClock "0:00:09"]

1. e4 e5 2. Nf3 Nc6 3. d4 exd4 4. Nxd4 Bc5 5. Be3 Qf6 6. c3 Nge7 7. Bc4 Ne5 8. Be2 Qg6 9. O-O O-O 10. Nd2 d5 11. Bh5 Qa6 12. f4 Nc4 13. Nxc4 dxc4 14. Bf3 Ng6 15. Qe2 Re8 16. b4 Bf8 17. Qd2 c5 18. bxc5 Bxc5 19. e5 Bd7 20. Rab1 Rab8 21. Bd5 Red8 22. Qe2 b5 23. Bd2 Bf5 24. Rbe1 Rxd5 25. Qf3 Rbd8 26. Be3 Bxd4 27. Bxd4 Bd3 28. Rf2 Nh4 29. Qg4 Nf5 30. Qh5 Nxd4 31. cxd4 Qg6 32. Qf3 Rxd4 33. f5 Qg4 34. Qb7 Re4 35. Rc1 Rxe5 36. f6 Rde8 37. fxg7 Re1+ 0-1


[Site "https://www.chess.com"]

[Event "Titled Tuesday Blitz April 4 Late 2023"]
[White "Popov, Mikhail"]
[Black "Jarocka, Liwia"]
[WhiteFideId "4146182"]
[BlackFideId "21807558"]
[WhiteElo "2244"]
[BlackElo "2013"]
[Result "1-0"]
[Round "05"]
[TimeControl "180+2"]
[Date "2023.04.04"]
[WhiteClock "0:00:17"]
[BlackClock "0:00:48"]

1. d4 d6 2. Nf3 g6 3. Bg5 Bg7 4. c3 Nf6 5. Nbd2 O-O 6. e4 Nbd7 7. Bc4 h6 8. Bh4 c5 9. O-O b6 10. e5 Ne8 11. e6 fxe6 12. Bxe6+ Kh7 13. Re1 Nef6 14. Qc2 Bb7 15. a4 cxd4 16. cxd4 Rc8 17. Qd3 Rc7 18. Rad1 Nb8 19. Ba2 Nc6 20. Bb1 Qe8 21. h3 Nb4 22. Qb3 a5 23. Bg3 Bd5 24. Qe3 Qxa4 25. Nh4 Bf7 26. Ne4 Nh5 27. Nxd6 exd6 28. Bxd6 Re8 29. Qf3 Rxe1+ 30. Rxe1 Rd7 31. Nxg6 Rxd6 32. Qxf7 Nc2 33. Ne7 Rf6 34. Qg8# 1-0


[Site "https://www.chess.com"]

[Event "Titled Tuesday Blitz April 4 Late 2023"]
[White "Leschinsky, Gary"]
[Black "Martins, Bruno Andre Leite"]
[WhiteFideId "30951321"]
[BlackFideId "1942255"]
[WhiteElo "1855"]
[BlackElo "2240"]
[Result "0-1"]
[Round "05"]
[TimeControl "180+2"]
[Date "2023.04.04"]
[WhiteClock "0:00:10"]
[BlackClock "0:01:14"]

1. d4 Nf6 2. c4 g6 3. Nc3 Bg7 4. e4 O-O 5. f3 d6 6. Nge2 c5 7. d5 e6 8. Ng3 exd5 9. cxd5 h5 10. Be2 h4 11. Nf1 Re8 12. Bg5 h3 13. g4 Qa5 14. Qd2 a6 15. Ng3 b5 16. O-O Nbd7 17. a4 b4 18. Nd1 Ne5 19. Ne3 Nh7 20. Bf4 Qd8 21. Nc4 Nxc4 22. Bxc4 Qf6 23. Rab1 Bd7 24. Ne2 Bxa4 25. b3 Bb5 26. Be3 Bxc4 27. bxc4 a5 28. f4 Rxe4 29. Ng3 Rxe3 30. Qxe3 Qd4 31. Qxd4 Bxd4+ 32. Kh1 a4 33. Ne2 Bg7 34. f5 a3 35. f6 Bxf6 0-1


[Site "https://www.chess.com"]

[Event "Titled Tuesday Blitz April 4 Late 2023"]
[White "koncheto"]
[Black "Gutkin, Ilya"]
[BlackFideId "16203470"]
[WhiteElo "2530"]
[BlackElo "2265"]
[Result "1-0"]
[Round "05"]
[TimeControl "180+2"]
[Date "2023.04.04"]
[WhiteClock "0:00:07"]
[BlackClock "0:00:03"]

1. e4 e6 2. d4 d5 3. Nd2 c5 4. Ngf3 cxd4 5. Nxd4 Nc6 6. Nxc6 bxc6 7. Bd3 Bd6 8. O-O Ne7 9. f4 f5 10. exf5 exf5 11. Nf3 Qb6+ 12. Kh1 O-O 13. c4 Ng6 14. cxd5 cxd5 15. g3 d4 16. Bc4+ Kh8 17. Bd5 Rb8 18. Qxd4 Bc5 19. Qa4 Rd8 20. Qc6 Rxd5 21. Qxd5 Bb7 22. Qxf5 Rf8 23. Qh5 Bf2 24. Bd2 Ne5 25. Kg2 Bxf3+ 26. Qxf3 Nxf3 27. Kxf3 Bd4 28. Rae1 Qc6+ 29. Kg4 Qc2 30. Bb4 Rb8 31. Bd6 Rd8 32. Kh3 Qxb2 33. Re4 Bf6 34. Rfe1 h6 35. Be5 Bxe5 36. Rxe5 Qxa2 37. Re7 a5 38. Ra7 a4 39. Ree7 Rg8 40. f5 Qf2 41. Rf7 h5 42. Rxa4 Qf1+ 43. Kh4 Qf3 44. Kg5 Qe3+ 45. Kxh5 Qe8 46. Kg6 Rf8 47. Ra7 Kg8 48. Re7 Rxf7 49. Rxe8+ Rf8 50. Rxf8+ Kxf8 51. g4 Kg8 52. g5 Kh8 53. h4 Kg8 54. h5 Kh8 55. h6 Kg8 56. f6 gxh6 57. gxh6 Kh8 58. Kf7 Kh7 59. Ke8 1-0


[Site "https://www.chess.com"]

[Event "Titled Tuesday Blitz April 4 Late 2023"]
[White "Korkmaz, Necmettin"]
[Black "Fernandez Sanchez, Mario Andres"]
[WhiteFideId "6303285"]
[BlackFideId "6501621"]
[WhiteElo "2097"]
[BlackElo "2050"]
[Result "0-1"]
[Round "05"]
[TimeControl "180+2"]
[Date "2023.04.04"]
[WhiteClock "0:00:05"]
[BlackClock "0:00:51"]

1. e4 c5 2. Nc3 Nc6 3. f4 g6 4. Nf3 Bg7 5. Bb5 Nd4 6. O-O Nxb5 7. Nxb5 d5 8. exd5 a6 9. Nc3 Nf6 10. d4 c4 11. Qe2 b5 12. Re1 Bb7 13. f5 Bxd5 14. Nxd5 Nxd5 15. fxg6 hxg6 16. Bg5 Kf8 17. c3 Bf6 18. Bxf6 exf6 19. Qe4 Kg7 20. Re2 Qd6 21. g3 Rae8 22. Qxe8 Rxe8 23. Rxe8 b4 24. Rae1 bxc3 25. bxc3 Nxc3 26. Rc8 Qd5 27. Kf2 Ne4+ 28. Kg2 Ng5 29. Re3 f5 30. Rc5 Qb7 31. Rxc4 Qb2+ 32. Kf1 Qxa2 33. Rcc3 Ne4 34. Rcd3 Qd5 35. Ne5 a5 36. h4 a4 37. Nf3 Nf6 38. Ng5 Ng4 39. Re7 Qa2 40. Rxf7+ Kg8 41. Ke1 Qf2+ 42. Kd1 Ne3+ 43. Rxe3 Qxe3 44. d5 Qd4+ 45. Ke2 Qxd5 46. Ke3 Qxf7 47. Nxf7 Kxf7 48. Kd3 Kf6 49. Kc3 Ke5 50. h5 gxh5 51. Kb4 Ke4 52. Kxa4 Kf3 0-1


[Site "https://www.chess.com"]

[Event "Titled Tuesday Blitz April 4 Late 2023"]
[White "Silva, Caio Henrique Angelico"]
[Black "mjelcic"]
[WhiteFideId "22777210"]
[WhiteElo "2096"]
[BlackElo "2227"]
[Result "1-0"]
[Round "05"]
[TimeControl "180+2"]
[Date "2023.04.04"]
[WhiteClock "0:01:42"]
[BlackClock "0:00:23"]

1. Nf3 d5 2. g3 Nf6 3. Bg2 Bf5 4. O-O c6 5. d4 Nbd7 6. c4 h6 7. Nc3 e6 8. Qb3 Qb6 9. c5 Qxb3 10. axb3 a6 11. b4 Rc8 12. Nd2 e5 13. e3 Be7 14. Nb3 O-O 15. Na5 Rc7 16. Re1 Ne4 17. Nxe4 Bxe4 18. Bxe4 dxe4 19. Rd1 Nf6 20. dxe5 Rd7 21. Rxd7 Nxd7 22. Bd2 Nxe5 23. Bc3 Nf3+ 24. Kg2 Rd8 25. Nxb7 Rd3 26. Na5 Bf6 27. Bxf6 gxf6 28. Nxc6 Rd2 29. Rxa6 Rd1 30. Nd4 Rg1+ 31. Kh3 Ng5+ 32. Kg4 Kg7 33. h4 h5+ 34. Kxh5 Nh3 35. Nf5+ Kh7 36. Rxf6 Nxf2 37. Rxf7+ Kg8 38. Nh6+ Kh8 39. Rxf2 1-0


[Site "https://www.chess.com"]

[Event "Titled Tuesday Blitz April 4 Late 2023"]
[White "Manzone, Alessandro"]
[Black "Tyagi, Kushan"]
[WhiteFideId "112488"]
[BlackFideId "2040069"]
[WhiteElo "2255"]
[BlackElo "2315"]
[Result "1-0"]
[Round "05"]
[TimeControl "180+2"]
[Date "2023.04.04"]
[WhiteClock "0:00:35"]
[BlackClock "0:00:23"]

1. d4 c5 2. d5 e5 3. c4 d6 4. Nc3 Be7 5. Nf3 a6 6. h3 f5 7. e4 Nf6 8. exf5 Bxf5 9. Bd3 Qc8 10. Ng5 O-O 11. O-O h6 12. Bxf5 Qxf5 13. Ne6 Rf7 14. f4 exf4 15. Bxf4 Qg6 16. Qb1 Qh5 17. Bh2 Nbd7 18. Qd3 Ne5 19. Bxe5 Qxe5 20. Rf5 1-0


[Site "https://www.chess.com"]

[Event "Titled Tuesday Blitz April 4 Late 2023"]
[White "Janaszak, Dawid"]
[Black "Kohler, Aran"]
[WhiteFideId "1119206"]
[BlackFideId "1002856"]
[WhiteElo "2220"]
[BlackElo "2295"]
[Result "1-0"]
[Round "05"]
[TimeControl "180+2"]
[Date "2023.04.04"]
[WhiteClock "0:02:15"]
[BlackClock "0:00:03"]

1. e4 c6 2. d4 d5 3. exd5 cxd5 4. Bd3 a6 5. c3 Nc6 6. Bf4 Nf6 7. Nf3 Bg4 8. Nbd2 e6 9. O-O Bd6 10. Bxd6 Qxd6 11. Qb3 O-O 12. Rae1 Bxf3 13. Nxf3 Nd7 14. Qc2 g6 15. Qd2 Rfc8 16. Qh6 Qf8 17. Qh4 b5 18. Ng5 Qg7 19. f4 Nf8 20. g4 Nxd4 21. f5 gxf5 22. Kh1 h6 23. Nh3 Nc6 24. gxf5 Kh8 25. f6 Qg8 26. Qxh6+ Nh7 27. Rg1 1-0


[Site "https://www.chess.com"]

[Event "Titled Tuesday Blitz April 4 Late 2023"]
[White "Fonseca Manrique, Enrique"]
[Black "olga-belka"]
[WhiteFideId "5114330"]
[WhiteElo "2517"]
[BlackElo "2292"]
[Result "1-0"]
[Round "05"]
[TimeControl "180+2"]
[Date "2023.04.04"]
[WhiteClock "0:01:24"]
[BlackClock "0:00:28"]

1. e4 c5 2. Nc3 Nc6 3. f4 g6 4. Nf3 Bg7 5. Bb5 e6 6. Bxc6 dxc6 7. e5 b5 8. Ne4 Qd5 9. d3 Ne7 10. O-O O-O 11. b3 Nf5 12. c4 Qd8 13. Qe2 Nd4 14. Nxd4 cxd4 15. Ba3 Re8 16. Bc5 Ba6 17. Qf2 bxc4 18. bxc4 Rb8 19. Bxa7 Rb4 20. Bc5 Ra4 21. Bxd4 Re7 22. Rab1 Rd7 23. Nd6 f5 24. Qc2 Rxd6 25. Qxa4 Rxd4 26. Qxa6 Rxd3 27. Qxc6 Qd4+ 28. Kh1 Bf8 29. Qxe6+ Kg7 30. Qf6+ Kh6 31. Qxf8+ Kh5 32. Qe7 h6 33. Qd6 Qe3 34. Qb6 Qd2 35. Qf2 1-0


[Site "https://www.chess.com"]

[Event "Titled Tuesday Blitz April 4 Late 2023"]
[White "Tsyhanchuk, Stanislav"]
[Black "Shapiro, Viktor"]
[WhiteFideId "13505130"]
[BlackFideId "4175700"]
[WhiteElo "2173"]
[BlackElo "2152"]
[Result "1-0"]
[Round "05"]
[TimeControl "180+2"]
[Date "2023.04.04"]
[WhiteClock "0:00:10"]
[BlackClock "0:00:05"]

1. c4 c5 2. Nc3 Nc6 3. g3 Nf6 4. Bg2 d6 5. e3 e6 6. Nge2 Bd7 7. d4 Be7 8. O-O O-O 9. a3 a6 10. Rb1 Rb8 11. b4 b5 12. cxb5 axb5 13. bxc5 dxc5 14. dxc5 Bxc5 15. Nxb5 Qe7 16. a4 Rfd8 17. Qc2 Nb4 18. Qc4 e5 19. Ba3 Be6 20. Qc3 Rd3 21. Qc1 Rc8 22. Bxb4 Bxb4 23. Qb2 Bb3 24. Nc1 Rc2 25. Qa1 Rdd2 26. Rxb3 Bc5 27. Nd3 Bxe3 28. Rc3 h5 29. Rxc2 Rxc2 30. fxe3 e4 31. Nf4 Qc5 32. Qe1 Ng4 33. Bxe4 Rxh2 34. Bf3 Ra2 35. Bxg4 hxg4 36. Qc1 Qb4 37. Qc8+ Kh7 38. Qf5+ Kg8 39. Qxg4 Qxa4 40. Nd4 Qa8 41. Nf3 f6 42. Nh5 Qb7 43. Qc4+ Qf7 44. Qxf7+ Kxf7 45. Nf4 Ra4 46. Rf2 Re4 47. Ng2 Ke7 48. Kf1 g5 49. Ke2 Ra4 50. Nd4 Ra2+ 51. Kf3 Ra4 52. Nf5+ Ke6 53. g4 Rb4 54. Ne1 Rb1 55. Nd3 Rb3 56. Ke2 Rb5 57. Nd4+ 1-0


[Site "https://www.chess.com"]

[Event "Titled Tuesday Blitz April 4 Late 2023"]
[White "Kalajzic, Ivan"]
[Black "LuckyMajky"]
[WhiteFideId "14506378"]
[WhiteElo "2203"]
[BlackElo "2456"]
[Result "1/2-1/2"]
[Round "05"]
[TimeControl "180+2"]
[Date "2023.04.04"]
[WhiteClock "0:00:26"]
[BlackClock "0:00:13"]

1. b3 Nf6 2. Bb2 d6 3. Bxf6 exf6 4. c4 f5 5. Nc3 g6 6. g3 Bg7 7. Bg2 O-O 8. e3 c6 9. Nge2 a5 10. O-O Na6 11. a3 Re8 12. Rb1 Nc7 13. b4 axb4 14. axb4 Be6 15. d3 Ra3 16. Rb3 Qa8 17. Qc2 d5 18. cxd5 Nxd5 19. Nxd5 Ra2 20. Qd1 Bxd5 21. Bxd5 cxd5 22. d4 Rc8 23. Nf4 b6 24. Qf3 Rd8 25. Rc1 Ra3 26. Rbb1 Bxd4 27. Rd1 Be5 28. Rxd5 Rxd5 29. Qxd5 Bxf4 30. Qxa8+ Rxa8 31. gxf4 Ra2 32. Kg2 Kg7 33. Kf3 b5 34. Rd1 Rb2 35. Rd4 Kh6 36. h3 Kh5 37. Kg3 h6 38. Rd7 Rxb4 39. Rxf7 Rb1 40. Rb7 b4 41. f3 b3 42. e4 fxe4 43. fxe4 b2 44. Kg2 Kh4 45. e5 g5 46. fxg5 hxg5 47. e6 Kh5 48. e7 Re1 49. Rxb2 Rxe7 50. Rb6 Re2+ 51. Kg3 Ra2 52. Rb4 Ra3+ 53. Kg2 Rc3 1/2-1/2


[Site "https://www.chess.com"]

[Event "Titled Tuesday Blitz April 4 Late 2023"]
[White "Mazurkiewicz, Michal"]
[Black "Georg, Heinz"]
[WhiteFideId "1124943"]
[BlackFideId "4607295"]
[WhiteElo "2054"]
[BlackElo "2246"]
[Result "1-0"]
[Round "05"]
[TimeControl "180+2"]
[Date "2023.04.04"]
[WhiteClock "0:00:14"]
[BlackClock "0:01:40"]

1. e4 e5 2. Nf3 Nc6 3. Bb5 f5 4. Nc3 Nf6 5. exf5 e4 6. Qe2 Qe7 7. Bxc6 bxc6 8. Ng5 d5 9. Ne6 Bxe6 10. fxe6 Qxe6 11. d3 Bb4 12. Bd2 Bxc3 13. Bxc3 O-O 14. O-O Rae8 15. Rae1 Qf5 16. Qd2 exd3 17. cxd3 Rxe1 18. Rxe1 Ng4 19. f3 Nf6 20. Qe2 Re8 21. Qf2 Rxe1+ 22. Qxe1 Qxd3 23. Qe6+ Kf8 24. Bb4+ 1-0


[Site "https://www.chess.com"]

[Event "Titled Tuesday Blitz April 4 Late 2023"]
[White "lluiss"]
[Black "Moore, Nicholas"]
[BlackFideId "4303709"]
[WhiteElo "2257"]
[BlackElo "2447"]
[Result "1-0"]
[Round "05"]
[TimeControl "180+2"]
[Date "2023.04.04"]
[WhiteClock "0:00:08"]
[BlackClock "0:00:02"]

1. c4 c6 2. d4 d5 3. cxd5 cxd5 4. Nc3 Nf6 5. Nf3 Nc6 6. Bf4 a6 7. e3 Bf5 8. Bd3 Bxd3 9. Qxd3 e6 10. O-O Be7 11. Rfc1 O-O 12. Bg5 h6 13. Bxf6 Bxf6 14. Na4 Rc8 15. Rc3 e5 16. dxe5 Nxe5 17. Nxe5 Bxe5 18. Rxc8 Qxc8 19. Qxd5 Qc7 20. g3 Rd8 21. Qc5 Rd2 22. Qxc7 Bxc7 23. Rc1 Bd6 24. Rc8+ Kh7 25. Rd8 Kg6 26. Nc5 f5 27. Nxb7 Bb4 28. Rxd2 Bxd2 29. Nc5 a5 30. b3 Kf6 31. Nd3 Ke6 32. Kf1 Kd5 33. Ke2 Bc3 34. Nf4+ Kd6 35. Kd3 Be1 36. f3 g5 37. Ne2 g4 38. fxg4 fxg4 39. Nd4 Ke5 40. Nc6+ Kd5 41. Ne7+ Ke6 42. Ng6 Bf2 43. Nf4+ Kf5 44. e4+ Kg5 45. e5 Bg1 46. Ke4 Bxh2 47. Ne2 h5 48. Kd5 h4 49. gxh4+ Kxh4 50. e6 Kh3 51. e7 Kg2 52. e8=Q g3 53. Qe4+ Kf1 54. Nxg3+ Bxg3 55. Qf3+ Bf2 56. Kc4 Kg1 57. Kb5 a4 58. Kxa4 Kh2 59. b4 Kg1 60. b5 1-0


[Site "https://www.chess.com"]

[Event "Titled Tuesday Blitz April 4 Late 2023"]
[White "Kukula, Pawel"]
[Black "Torres Hernandez, Leslie Carolin"]
[WhiteFideId "1115081"]
[BlackFideId "8400504"]
[WhiteElo "2012"]
[BlackElo "1920"]
[Result "1-0"]
[Round "05"]
[TimeControl "180+2"]
[Date "2023.04.04"]
[WhiteClock "0:00:50"]
[BlackClock "0:00:01"]

1. d4 Nf6 2. Nf3 e6 3. Nbd2 d5 4. e3 Be7 5. Bd3 O-O 6. O-O b6 7. b3 Bb7 8. Bb2 Nbd7 9. Ne5 Ne4 10. Nxe4 dxe4 11. Nxd7 Qxd7 12. Be2 Bf6 13. Ba3 Rfd8 14. Qd2 c5 15. c3 e5 16. Rfd1 exd4 17. cxd4 cxd4 18. exd4 Qxd4 19. Qf4 Qxa1 20. Rxa1 Bxa1 21. h4 Rac8 22. h5 h6 23. Bc4 Bf6 24. Be7 Rd1+ 25. Kh2 Bxe7 26. Qxf7+ Kh8 27. Qxe7 Bd5 28. Qd7 Rc5 29. Qe8+ Kh7 30. Be2 Rd2 31. Qg6+ Kg8 32. Bg4 Bf7 33. Qxe4 Rdc2 34. Bf5 1-0


[Site "https://www.chess.com"]

[Event "Titled Tuesday Blitz April 4 Late 2023"]
[White "ArchibaldCerveza29"]
[Black "Osmonbekov, Talaibek"]
[BlackFideId "2017253"]
[WhiteElo "2426"]
[BlackElo "2135"]
[Result "0-1"]
[Round "05"]
[TimeControl "180+2"]
[Date "2023.04.04"]
[WhiteClock "0:00:09"]
[BlackClock "0:00:16"]

1. e4 c5 2. Nf3 d6 3. d4 cxd4 4. Nxd4 Nf6 5. Nc3 g6 6. f3 Bg7 7. Be3 O-O 8. Qd2 Nc6 9. Bc4 Bd7 10. Bb3 Rc8 11. O-O-O Nxd4 12. Bxd4 b5 13. Kb1 a5 14. a4 bxa4 15. Nxa4 Bxa4 16. Bxa4 Rc4 17. Bb3 Nxe4 18. Qe3 Rxd4 19. Rxd4 Bxd4 20. Qxd4 Nc5 21. Bd5 Qb6 22. Re1 e6 23. Bb3 Rb8 24. Ka2 a4 25. Bc4 Qb4 26. Rd1 d5 27. Bf1 Qa5 28. h4 a3 29. b3 Rb4 30. Qc3 Qb6 31. Rb1 e5 32. Qxe5 d4 33. Qe8+ Kg7 34. Qe5+ f6 35. Qe7+ Kh6 36. Qxf6 Qxf6 37. Bc4 d3 38. cxd3 Qc3 39. d4 Qxd4 40. h5 Rxc4 41. bxc4 Qxc4+ 42. Kxa3 Qa4+ 43. Kb2 Qc4 44. Rc1 Qb3+ 45. Ka1 Nd3 46. Rb1 Qa3# 0-1


[Site "https://www.chess.com"]

[Event "Titled Tuesday Blitz April 4 Late 2023"]
[White "Pein, Jonathan"]
[Black "Chabris, Christopher"]
[WhiteFideId "417092"]
[BlackFideId "2005263"]
[WhiteElo "2151"]
[BlackElo "2226"]
[Result "1-0"]
[Round "05"]
[TimeControl "180+2"]
[Date "2023.04.04"]
[WhiteClock "0:00:05"]
[BlackClock "0:00:03"]

1. Nf3 Nf6 2. b3 e6 3. Bb2 d5 4. e3 Bd6 5. d4 Nbd7 6. Bd3 b6 7. Qe2 a6 8. Nbd2 Bb7 9. e4 dxe4 10. Nxe4 Nxe4 11. Bxe4 Bxe4 12. Qxe4 O-O 13. O-O Qf6 14. c4 Qg6 15. Qxg6 hxg6 16. Rad1 Rfd8 17. Ng5 Be7 18. Ne4 Nf6 19. f3 Rd7 20. Kf2 Rad8 21. Ke3 Ne8 22. g3 c5 23. Rd2 f5 24. Nf2 cxd4+ 25. Kd3 e5 26. Re1 Bf6 27. Kc2 Nc7 28. Nd3 Re8 29. Rde2 Rde7 30. Ba3 Re6 31. Nf2 Kf7 32. Kd3 Rd8 33. h4 Ne8 34. Nh3 Nd6 35. Bxd6 Rexd6 36. Ng5+ Kf8 37. g4 Rc8 38. Rg1 b5 39. Rc1 Rdc6 40. gxf5 gxf5 41. Nh7+ Kf7 42. Nxf6 Kxf6 43. Rg2 bxc4+ 44. Rxc4 Rxc4 45. bxc4 Rb8 46. h5 Rb4 47. Rg6+ Kf7 48. Rxa6 Rb2 49. h6 Rf2 50. Ra7+ Kg8 51. Rxg7+ Kh8 52. Re7 Rxf3+ 53. Ke2 Re3+ 54. Kd2 f4 55. c5 f3 56. Rf7 Re2+ 57. Kd3 e4+ 58. Kxd4 f2 59. c6 Rc2 60. c7 e3 61. Rf8+ Kh7 62. Kxe3 Rxc7 63. Rxf2 Kxh6 64. Rg2 Ra7 65. Kd3 Ra3+ 66. Kc4 1-0


[Site "https://www.chess.com"]

[Event "Titled Tuesday Blitz April 4 Late 2023"]
[White "Srdanovic, Jovana"]
[Black "Kielinkei"]
[WhiteFideId "954810"]
[WhiteElo "2145"]
[BlackElo "2418"]
[Result "0-1"]
[Round "05"]
[TimeControl "180+2"]
[Date "2023.04.04"]
[WhiteClock "0:00:20"]
[BlackClock "0:00:18"]

1. d4 Nf6 2. c4 e6 3. Nf3 Bb4+ 4. Bd2 c5 5. Bxb4 cxb4 6. g3 b6 7. Bg2 Bb7 8. O-O O-O 9. a3 bxa3 10. Rxa3 d6 11. Nc3 a6 12. b4 Nbd7 13. Qb1 Qc7 14. d5 Qxc4 15. dxe6 fxe6 16. Nd2 Qc7 17. Bxb7 Qxb7 18. Nde4 d5 19. Ng5 Rae8 20. e3 h6 21. Nh3 e5 22. b5 a5 23. Ra4 Nc5 24. Rh4 Qd7 25. Qg6 Qf7 26. Rxh6 Qxg6 27. Rxg6 Kf7 28. Rg5 Rh8 29. Kg2 d4 30. Nd1 Nce4 31. Rf5 Ke6 32. Rf3 Rxh3 33. Kxh3 Ng5+ 34. Kg2 Nxf3 35. Kxf3 e4+ 36. Kg2 d3 37. f3 Rc8 38. fxe4 Nxe4 39. Kf3 Nd2+ 40. Kf2 Nxf1 41. Kxf1 Rc1 42. Ke1 a4 43. Kd2 Rxd1+ 44. Kxd1 a3 45. Kc1 a2 46. Kb2 d2 47. Kxa2 d1=Q 0-1


[Site "https://www.chess.com"]

[Event "Titled Tuesday Blitz April 4 Late 2023"]
[White "KorolDimitriy75"]
[Black "Rosenberg, Evan S"]
[BlackFideId "2019299"]
[WhiteElo "2409"]
[BlackElo "2203"]
[Result "0-1"]
[Round "05"]
[TimeControl "180+2"]
[Date "2023.04.04"]
[WhiteClock "0:00:03"]
[BlackClock "0:01:31"]

1. d4 d5 2. c4 e6 3. Nc3 c5 4. cxd5 cxd4 5. Qxd4 Nc6 6. Qd1 exd5 7. Qxd5 Qc7 8. e3 Nf6 9. Qd1 Bb4 10. Nf3 O-O 11. Be2 Ne4 12. O-O Nxc3 13. bxc3 Bxc3 14. Rb1 Bf5 15. Rb3 Rad8 16. Nd4 Bxd4 17. exd4 Nxd4 18. Ba3 Bc2 19. Qe1 Bxb3 20. Bxf8 Rxf8 21. axb3 Re8 0-1


[Site "https://www.chess.com"]

[Event "Titled Tuesday Blitz April 4 Late 2023"]
[White "Svicevic, Rastko"]
[Black "Celestino, Rafael Teixeira"]
[WhiteFideId "916315"]
[BlackFideId "2108925"]
[WhiteElo "2071"]
[BlackElo "2404"]
[Result "1-0"]
[Round "05"]
[TimeControl "180+2"]
[Date "2023.04.04"]
[WhiteClock "0:00:01"]
[BlackClock "0:00:01"]

1. d4 Nf6 2. Bg5 e6 3. e4 Be7 4. e5 Nd5 5. Bxe7 Nxe7 6. c4 d5 7. Nf3 c5 8. dxc5 Qa5+ 9. Nc3 Qxc5 10. cxd5 exd5 11. Bb5+ Nbc6 12. O-O Bg4 13. h3 Bh5 14. Bxc6+ bxc6 15. Qd4 Qa5 16. e6 O-O 17. Ne5 fxe6 18. Qh4 Rf5 19. Qxe7 Rxe5 20. Rae1 Rxe1 21. Rxe1 d4 22. Qxe6+ Bf7 23. Qxc6 Rd8 24. Qb5 Qc7 25. Ne4 d3 26. Nd2 Qf4 27. Qa5 Rc8 28. g3 Qh6 29. Re3 Qxh3 30. Re1 Qh6 31. Kg2 Bg6 32. Nf3 Bh5 33. Qd5+ Kh8 34. Ne5 1-0


[Site "https://www.chess.com"]

[Event "Titled Tuesday Blitz April 4 Late 2023"]
[White "Barria Santos, Jose Guilherme"]
[Black "marik_spb"]
[WhiteFideId "1939300"]
[WhiteElo "2266"]
[BlackElo "2404"]
[Result "0-1"]
[Round "05"]
[TimeControl "180+2"]
[Date "2023.04.04"]
[WhiteClock "0:00:23"]
[BlackClock "0:00:15"]

1. e4 c6 2. d4 d5 3. f3 dxe4 4. fxe4 e5 5. Nf3 Be6 6. Nxe5 Qh4+ 7. Kd2 Nf6 8. Nc3 Nxe4+ 9. Nxe4 Qxe4 10. c3 g6 11. Bd3 Qxg2+ 12. Qe2 Qxh1 13. Bc4 Nd7 14. Nxf7 Be7 15. Bxe6 Rf8 16. Nd6+ Kd8 17. Nxb7+ Kc7 18. Na5 Qg1 19. Kc2 Qf2 20. Qxf2 Rxf2+ 21. Kd3 Bd6 22. Be3 Rxb2 23. Nc4 Rg2 24. Re1 Bxh2 25. a4 Re8 26. Bh3 Rg3 27. Bxd7 Kxd7 28. Kd2 Rg2+ 29. Kd3 Bf4 30. Rf1 Bxe3 31. Nxe3 Rg3 32. Rf7+ Re7 33. Rxe7+ Kxe7 34. Ke4 h5 35. c4 h4 36. d5 Rxe3+ 0-1


[Site "https://www.chess.com"]